Map: [ESL] Ghost River

Players

DisK

  • Race: Protoss Protoss
  • Spawn Location: 11:00

Kelazhur - Winner!

  • Race: Terran Terran
  • Spawn Location: 1:00

Event: ESL SC2 Masters 2024 Spring (Regional)

VOD

Have the link to the VOD?

Description

Time

  • Played on: May 2, 2024, 3:01 p.m.
  • Length: 7:36

All games in this series

Show
View Real Time Build Order
Export as new Build Order

DisK Protoss 

Build Orders: 1 Gate Expand, Blink Stalkers 

Get SALT Encoding   

  12  0:00  Probe  
  13  0:12  Probe  
  14  0:16  Pylon  
  14  0:24  Probe  
  15  0:34  Gateway  
  15  0:36  Probe (Chrono Boost)  
  16  0:45  Probe (Chrono Boost)  
  16  0:46  Assimilator  
  17  0:50  Probe  
  18  1:03  Probe  
  19  1:15  Probe  
  20  1:23  Cybernetics Core  
  22  1:31  Nexus  
  20  1:34  Probe  
  21  1:41  Pylon  
  21  1:47  Probe  
  22  1:49  Assimilator  
  22  1:57  Adept (Chrono Boost)  
  22  1:59  Probe  
  25  2:05  Warp Gate  
  24  2:12  Probe  
  25  2:17  Adept (Chrono Boost)  
  27  2:24  Probe  
  28  2:30  Twilight Council  
  28  2:36  Probe  
  29  2:40  Stalker  
  29  2:43  Probe  
  32  2:46  Shield Battery  
  32  2:51  Shield Battery  
  32  2:54  Probe  
  32  2:57  Probe  
  34  3:03  Blink (Chrono Boost)  
  34  3:06  Probe  
  35  3:15  Probe  
  35  3:19  Gateway  
  36  3:23  Probe  
  37  3:28  Robotics Facility  
  37  3:29  Probe  
  38  3:35  Probe  
  39  3:41  Probe  
  39  3:43  Pylon  
  39  3:47  Probe  
  41  3:51  Assimilator  
  41  3:52  Assimilator  
  41  3:54  Stalker, Probe  
  44  3:59  Probe  
  44  4:00  Pylon  
  44  4:13  Observer  
  44  4:14  Stalker  
  45  4:22  Stalker  
  47  4:29  Pylon, Probe  
  48  4:34  Probe  
  49  4:43  Probe  
  49  4:45  Stalker  
  52  4:46  Stalker  
  52  4:47  Probe  
  52  4:48  Observer  
  53  4:55  Probe  
  53  4:56  Pylon, Gateway  
  54  5:03  Probe  
  54  5:06  Pylon  
  56  5:07  Probe  
  56  5:13  Charge, Observer  
  56  5:15  Probe  
  56  5:17  Robotics Bay  
  57  5:28  Probe x2  
  56  5:33  Nexus  
  56  5:40  Probe x2  
  58  5:52  Stalker x3, Probe x2  
  63  6:05  Colossus (Chrono Boost)  
  69  6:12  Probe  
  65  6:27  Stalker x2  
  69  6:34  Stalker  
  63  7:11  Stalker x3  
  53  7:21  Probe x2  
  59  7:24  Pylon  
  59  7:31  Gateway  
Show
View Real Time Build Order
Export as new Build Order

Kelazhur Terran - Winner!

Build Orders: 1/1/1, Cyclone Opening 

Get SALT Encoding   

  12  0:00  SCV  
  13  0:12  SCV  
  14  0:17  Supply Depot  
  14  0:24  SCV  
  15  0:39  SCV  
  15  0:40  Barracks  
  16  0:43  Refinery  
  16  0:51  SCV  
  16  0:53  Refinery  
  17  1:03  SCV  
  18  1:15  SCV  
  19  1:26  Supply Depot  
  19  1:27  Orbital Command, Reaper  
  20  1:42  Factory  
  20  1:53  SCV  
  22  2:05  SCV, Barracks Reactor  
  22  2:16  Command Center  
  22  2:19  SCV  
  23  2:28  Starport  
  23  2:32  Widow Mine  
  23  2:35  SCV  
  26  2:40  Supply Depot  
  26  2:43  Marine  
  27  2:45  Marine  
  27  2:49  SCV  
  29  2:56  Cyclone  
  31  3:01  Marine  
  31  3:02  Marine  
  33  3:06  Medivac  
  33  3:10  SCV  
  36  3:19  Marine  
  37  3:20  Marine  
  37  3:22  SCV  
  39  3:28  Orbital Command  
  39  3:30  Factory Tech Lab  
  39  3:35  SCV  
  39  3:37  Marine  
  39  3:38  Marine  
  43  3:48  SCV, Orbital Command  
  43  3:52  Siege Tank  
  46  3:57  Starport Tech Lab  
  46  4:00  Liberator  
  46  4:01  Marine  
  46  4:02  Marine  
  50  4:17  SCV x2  
  50  4:23  Supply Depot  
  52  4:26  Marine x2  
  52  4:30  Supply Depot  
  54  4:45  SCV x2, Siege Tank  
  59  4:46  Barracks  
  59  4:47  Supply Depot  
  59  4:57  SCV x2  
  59  4:58  Marine x2  
  63  5:04  Starport Tech Lab  
  63  5:05  Barracks  
  63  5:09  SCV x2, Supply Depot  
  65  5:17  Siege Tank  
  68  5:21  SCV x2  
  70  5:33  SCV x2  
  71  5:35  Barracks Tech Lab  
  71  5:40  Engineering Bay, Refinery  
  71  5:42  Supply Depot  
  71  5:45  SCV x2  
  71  5:46  Starport Reactor  
  71  5:49  Siege Tank  
  72  5:57  SCV x2  
  72  6:01  Marine x2  
  73  6:04  Marauder  
  73  6:10  SCV x2  
  76  6:22  SCV, Siege Tank  
  80  6:26  Marauder  
  80  6:28  SCV  
  80  6:31  Refinery  
  81  6:34  Marine  
  81  6:35  Marauder, Marine  
  81  6:39  Supply Depot  
  85  6:42  Command Center  
  85  6:45  Medivac  
  87  6:48  Marine  
  87  6:52  Marine  
  89  6:56  Marine  
  88  7:03  Marauder  
  88  7:06  Marine  
  86  7:10  Marine  
  86  7:13  Marine  
  82  7:19  SCV x2  
  82  7:21  Barracks  
  84  7:23  Barracks  
Tags
 
Add a new tag
Caveats
  • Supply blocks, unpowered buildings, or Contaminate may cause inaccurate times.
  • Supply counts are checked every 10 seconds.